 Dungeon Crawl Stone Soup version 0.28.0-43-g3370ac3207 (webtiles) character file.

Game seed: 4185953751621798276

560 Sanktem7 the Skirmisher (level 7, 0/64 HPs)
             Began as a Minotaur Fighter on Mar 2, 2022.
             Slain by a gnoll
             ... wielding a +0 halberd
              (3 damage)
             ... on level 4 of the Dungeon.
             The game lasted 00:07:08 (3008 turns).

Sanktem7 the Skirmisher (Minotaur Fighter)          Turns: 3008, Time: 00:07:09

Health: 0/64       AC:  9    Str: 22    XL:     7   Next: 9%
Magic:  6/6        EV:  7    Int:  5    God:
Gold:   160        SH:  4    Dex: 10    Spells: 6/6 levels left

rFire   . . .      SeeInvis .   a - +0 war axe {axe}
rCold   . . .      Faith    .   c - +0 buckler
rNeg    . . .      Spirit   .   m - +0 chain mail
rPois   .          Reflect  .   (helmet restricted)
rElec   .          Harm     .   (no cloak)
rCorr   .          Rampage  .   (no gloves)
Will    .....                   (no boots)
Stlth   ..........              b - amulet of the acrobat
HPRegen 0.20/turn               (no ring)
MPRegen 0.10/turn               (no ring)

@: no status effects
A: horns 2, retaliatory headbutt
a: no special abilities


You were on level 4 of the Dungeon.
You visited 1 branch of the dungeon, and saw 4 of its levels.

You collected 160 gold pieces.


Innate Abilities, Weirdness & Mutations

You have a pair of horns on your head.
You reflexively headbutt those who attack you in melee.


   Skills:
 * Level 6.7 Fighting
 * Level 6.2 Axes
 + Level 5.4 Armour
 - Level 3.6 Shields


You had 6 spell levels left.
You didn't know any spells.
Your spell library contained the following spells:

 Spells                   Type           Power      Damage    Failure   Level
 Conjure Flame            Conj/Fire      0%         6-21      100%        3
 Gell's Gravitas          Tloc           0%         N/A       100%        3
 Ignite Poison            Fire/Tmut/Pois 0%         N/A       100%        3
 Lesser Beckoning         Tloc           0%         N/A       100%        3
 Teleport Other           Tloc           0%         N/A       100%        3
 Sticky Flame             Conj/Fire      0%         2d3       100%        4

Inventory:

Hand Weapons
 a - a +0 war axe (weapon) {axe}
 l - a +1 whip of pain {mace}
   (You took it off a kobold on level 4 of the Dungeon)
Missiles
 f - 107 stones (quivered) {throwing}
Armour
 c - a +0 buckler (worn)
 m - a +0 chain mail (worn)
   (You found it on level 2 of the Dungeon)
Jewellery
 b - an amulet of the acrobat (around neck)
   (You found it on level 3 of the Dungeon)
Wands
 n - a wand of acid (4)
   (You found it on level 4 of the Dungeon)
Scrolls
 e - a scroll of fear {unknown}
 g - 6 scrolls of identify {unknown}
 h - a scroll of teleportation {unknown}
 i - a scroll of amnesia {unknown}
 j - a scroll of torment {unknown}
Potions
 d - a potion of might
 k - a potion of flight {unknown}
 o - a potion of haste {unknown}

Dungeon Overview and Level Annotations

Branches:
Dungeon (4/15)
 Temple: D:4-7

Altars:
Dithmenos
Hepliaklqana

Shops:
D:2

(*[: #. ####### #.
'(...' #. #....# #. #
#.g..# ## ########
####''''########## #.
#.......
......go............#gg
#≈≈≈≈≈≈≈
≈≈≈≈..g.≈≈≈≈≈≈≈≈≈≈≈≈####
≈≈≈≈≈≈≈≈
≈≈≈≈..g@≈≈≈≈≈≈≈≈≈≈≈≈≈≈≈≈
≈≈≈≈≈≈≈≈
≈≈≈≈....≈≈≈≈≈≈≈≈≈≈ ≈≈≈≈≈
........
....^............. .....
#.......
...........#..##.. #..#.
######..
#...#).....#.÷###+##..#.
.....#
#...#...)..'..).......#.
.....# '..
#......#..##...<..#.
.....# #.
#......#'###..###'##
.....#
#......#..##..##..##


You could see 4 gnolls and an orc.


Message History

An orc is nearby!
The orc shouts! 😕 HP[+1]
You barely miss the orc. The orc barely misses you.
You closely miss the orc. The orc hits you but does no damage.
You barely miss the orc. The orc hits you with a +0 falchion.
You block the orc's attack. 😕 HP[-3]
You take 3 damage, and now have 58/64 hp.
You hit the orc. You headbutt the orc, but do no damage.
The orc hits you but does no damage. 😕 HP[+1]
You hit the orc but do no damage. You headbutt the orc.
You kill the orc!
No target in view!
No target in view!
No target in view!
No target in view!
No target in view!
No target in view!
No target in view!
No target in view!
Things that are here:
a +0 falchion {long}; a +0 ring mail; an orc corpse 😎 HP[+5]
Your hp is fully restored (64).
You see here a +0 spear {polearm}.
Things that are here:
a +0 club {mace}; a gnoll corpse An orc is nearby!
An orc is nearby!
Why would you want to do that?
The gnoll shouts!
You hear a shout! x2
The orc hits you with a +0 hand axe. 😕 HP[-5]
You take 5 damage, and now have 59/64 hp.
You barely miss the orc. Your headbutt misses the orc.
The orc barely misses you. You furiously retaliate!
You headbutt the orc. 😕 HP[+1]
You closely miss the orc. The orc hits you with a +0 hand axe.
A gnoll comes into view.
It is wielding a +2 flail of holy wrath. 😕 HP[-1]
You take 1 damage, and now have 59/64 hp.
You completely miss the orc. The orc hits you but does no damage. x2
You hit the orc.
You kill the orc!
A gnoll comes into view. It is wielding a +2 vorpal halberd.
The gnoll hits you but does no damage. The gnoll completely misses you.
You see here a +0 hand axe {axe}. 😕 HP[+1]
The gnoll barely misses you. You block the gnoll's attack.
You see here a +0 hand axe {axe}.
You hit the gnoll. Your headbutt misses the gnoll.
You hit the gnoll but do no damage. The gnoll hits you but does no damage.
You block the gnoll's attack.
You closely miss the gnoll. You hit the gnoll. The gnoll closely misses you.
The gnoll barely misses you.
The gnoll hits you from afar with a +2 vorpal halberd! 😕 HP[-8]
You take 8 damage, and now have 52/64 hp.
You barely miss the gnoll.
The orc shouts!
You headbutt the gnoll. You hit the gnoll but do no damage.
The gnoll hits you with a +2 flail of holy wrath!
The gnoll hits you but does no damage.
The gnoll hits you from afar with a +2 vorpal halberd!
The gnoll hits you with a +2 flail of holy wrath.
* * * LOW HITPOINT WARNING * * *
You are too injured to fight recklessly! 😨 HP[-21]
You take 21 damage, and now have 31/64 hp.
MASSIVE DAMAGE!! (PAUSE)
You closely miss the gnoll. You barely miss the gnoll.
The gnoll hits you with a +0 halberd!
* * * LOW HITPOINT WARNING * * *
A gnoll comes into view. It is wielding a +0 whip.
The gnoll barely misses you.
The gnoll hits you with a +2 flail of holy wrath!
* * * LOW HITPOINT WARNING * * *
The gnoll barely misses you. 😱 HP[-19]
You take 19 damage, and now have 12/64 hp.
MASSIVE DAMAGE!! (PAUSE)
The gnoll shouts!
You hit the gnoll.
You headbutt the gnoll, but do no damage.
You hit the gnoll.
You hear a shout!
The gnoll hits you from afar with a +2 vorpal halberd!
* * * LOW HITPOINT WARNING * * *
x2 The gnoll barely misses you.
You furiously retaliate!
You headbutt the gnoll, but do no damage.
The gnoll barely misses you. 😱 HP[-9]
You take 9 damage, and now have 3/64 hp.
You hit the gnoll but do no damage. You slash the gnoll!
You block the gnoll's attack. x2; The gnoll hits you with a +0 halberd.
You die...

Skill      XL: |  1  2  3  4  5  6 |
---------------+-------------------+-----
Fighting       | 4 5 6 |  6.7
Axes           | 3 4 5 6 |  6.2
Armour         | 4 5 |  5.4
Shields        | |  3.6

Action                   |  1- 3 |  4- 6 |  7- 9 || total
-------------------------+-------+-------+-------++-------
Melee: War axe           |    68 |   108 |    29 ||   205
       Headbutt          |     8 |    16 |     8 ||    32
Armor: Scale mail        |    39 |     1 |       ||    40
       Chain mail        |       |    82 |     9 ||    91
Dodge: Dodged            |    23 |    63 |    16 ||   102
Block: Buckler           |     8 |    24 |     9 ||    41

Levels and vault maps discovered:
D:1:      heliophobic_arrival_enchanted_forest, layout_rooms,
          hangedman_abyss_or_decor_lesser_grid
D:2:      layout_basic, shapermc_ecumenical_altar_hornbeckon, basic_altar,
          serial_shops, shop, nicolae_shop_statue_plus, shop,
          nicolae_shop_hallway_stairs
D:3:      layout_rooms, kennysheep_flooded_box, roderic_batcave
D:4:      lemuel_castle_with_subvaults [lemuel_castle_interior_carwin_3],
          layout_gridville

Notes
Turn   | Place    | Note
-------+----------+-------------------------------------------
     0 | D:1      | Sanktem7 the Minotaur Fighter began the quest for the Orb.
     0 | D:1      | Reached XP level 1. HP: 19/19 MP: 0/0
     0 | D:1      | magus.rc [v1.9.6]
   275 | D:1      | Reached XP level 2. HP: 27/27 MP: 1/1
   282 | D:1      | Reached skill level 4 in Fighting
   284 | D:1      | Reached skill level 3 in Axes
   595 | D:1      | Reached skill level 4 in Armour
   715 | D:2      | Reached XP level 3. HP: 33/34 MP: 2/2
   741 | D:2      | Found Tuwer's Antique Weapon Shop.
   779 | D:2      | Found a faded altar of an unknown god.
   814 | D:2      | Found Tyannir's Assorted Antiques.
   897 | D:2      | Found a hazy altar of Hepliaklqana.
   991 | D:2      | Found Puexut's Armour Shop.
  1053 | D:2      | Found Hiceppao's Book Boutique.
  1074 | D:2      | Reached XP level 4. HP: 41/41 MP: 3/3
  1105 | D:2      | You pick up a book of Displacement and begin reading...
  1105 | D:2      | You add the spells Lesser Beckoning, Gell's Gravitas and
                  | Teleport Other to your library.
  1467 | D:3      | Reached skill level 4 in Axes
  1579 | D:3      | Reached skill level 5 in Fighting
  1955 | D:3      | Reached XP level 5. HP: 46/48 MP: 4/4
  2013 | D:3      | Found a shadowy altar of Dithmenos.
  2157 | D:4      | Reached skill level 5 in Axes
  2157 | D:4      | Reached XP level 6. HP: 39/57 MP: 5/5
  2352 | D:4      | Reached skill level 5 in Armour
  2354 | D:4      | Reached skill level 6 in Fighting
  2366 | D:4      | You add the spells Conjure Flame, Ignite Poison and Sticky
                  | Flame to your library.
  2800 | D:4      | Reached skill level 6 in Axes
  2800 | D:4      | Reached XP level 7. HP: 50/64 MP: 6/6
  3006 | D:4      | HP: 12/64 [gnoll/+2 flail of holy wrath (9)]
  3007 | D:4      | HP: 4/64 [gnoll/+2 vorpal halberd (8)]
  3008 | D:4      | Slain by a gnoll

Vanquished Creatures
  An ogre (D:4)
  A scorpion (D:4)
  2 vampire bats (D:3)
  2 hounds (D:4)
  An orc priest (D:3)
  An iguana (D:4)
  4 gnolls (D:4)
  5 adders
  3 worms
  2 dart slugs
  12 orcs
  4 ball pythons
  5 endoplasms
  2 giant cockroaches
  9 goblins
  6 hobgoblins
  18 jackals
  5 kobolds
  2 quokkas
  12 bats
  3 frilled lizards (D:1)
  A rat (D:1)
101 creatures vanquished.

Vanquished Creatures (others)
  2 plants (D:4)
2 creatures vanquished.

Grand Total: 103 creatures vanquished

Table legend:
 A = Non-vault XP
 B = Vault XP
 C = Vault XP percentage of total XP
 D = Non-vault monster count
 E = Vault monster count
 F = Vault count percentage of total count
                 A         B        C        D         E       F
            +---------+---------+-------+---------+---------+-------
      Total |     403 |     397 |  49.6 |      68 |      33 |  32.7
            +---------+---------+-------+---------+---------+-------
        D:1 |      39 |       0 |   0.0 |      21 |       0 |   0.0
        D:2 |      75 |       0 |   0.0 |      21 |       0 |   0.0
        D:3 |      72 |     125 |  63.5 |      13 |       9 |  40.9
        D:4 |     217 |     272 |  55.6 |      13 |      24 |  64.9
            +---------+---------+-------+---------+---------+-------

Illustrated notes

Table legend:
 A = Kills in this place as a percentage of kills in entire the game.
 B = Kills by you in this place as a percentage of kills by you in the entire game.
 C = Kills by friends in this place as a percentage of kills by friends in the entire game.
 D = Other kills in this place as a percentage of other kills in the entire game.
 E = Experience gained in this place as a percentage of experience gained in the entire game.
 F = Experience gained in this place divided by the number of levels of this place that you have seen.
                   A       B       C       D       E      F
               +-------+-------+-------+-------+-------+----------------------
         Total | 100.0 | 100.0 |   N/A |   N/A | 100.0 | 200.0
       Dungeon | 100.0 | 100.0 |   N/A |   N/A | 100.0 | 200.0
               +-------+-------+-------+-------+-------+----------------------

Table legend: (Time is in decaauts)
 A = Elapsed time spent in this place.
 B = Non-inter-level travel time spent in this place.
 C = Inter-level travel time spent in this place.
 D = Time resting spent in this place.
 E = Time spent auto-exploring this place.
 F = Levels seen in this place.
 G = Mean time per level.
                   A        B        C        D        E       F      G
               +--------+--------+--------+--------+--------+-----+--------+
         Total |   3080 |   2963 |    117 |      0 |   2338 |   4 |  770.0 |
       Dungeon |   3080 |   2963 |    117 |      0 |   2338 |   4 |  770.0 |
               +--------+--------+--------+--------+--------+-----+--------+

Top non-repeatable levels by time:
     D:4: 904 daAuts
     D:2: 738 daAuts
     D:3: 722 daAuts
     D:1: 714 daAuts
